Cogmind - Beta 13 @@@ ROGUE MODE // 2024.04.13 @ 01:59:52 Player: GregoriusTechneticies Result: Destroyed by D-53 Grenadier with Mini Grenade Launcher Performance ------------- Evolutions (0) 0 Regions Visited (2) 400 Robots Destroyed (19) 95 Value Destroyed (126) 126 Prototype IDs (0) 0 Alien Tech Used (0) 0 Bonus (0) 0 TOTAL SCORE: 621 Bonus ------- None Cogmind --------- Core Integrity 0/250 Matter 225/300 Energy 90/100 System Corruption 0% Temperature Cool (0) Movement Rolling (95) Ox1 Location -10/Mines Parts ------- > --- POWER (1) -------- (None) > --- PROPULSION (2) --- Wheel > --- UTILITY (2) ------ Medium Storage Unit > --- WEAPON (2) ------- Medium Laser > --- INVENTORY (10) --- Wheel Structural Scanner Structural Scanner Sensor Array Signal Interpreter Improved Terrain Scanner Seismic Detector Small Laser Mining Laser Peak State ------------ > --- POWER ------------ Light Ion Engine > --- PROPULSION ------- Wheel Wheel > --- UTILITY ---------- Small Storage Unit Seismic Detector > --- WEAPON ----------- Medium Laser Small Laser > --- INVENTORY -------- Light Ion Engine Wheel Improved Terrain Scanner Improved Terrain Scanner Mining Laser Mining Laser [Rating: 8] Favorites ----------- Power Light Ion Engine Engine Light Ion Engine Propulsion Wheel Treads Light Treads Wheel Wheel Utility Seismic Detector Device Seismic Detector Storage Small Storage Unit Weapon Medium Laser Energy Gun Medium Laser Build | -11 -10 -10 ------- Run | Yrd Mat Min Slots Evolved . | . . . Power . | . . . Propulsion . | . . . Utility . | . . . Weapon . | . . . Parts Attached 25 | 13 6 6 Power 5 | 3 1 1 Engine 5 | 3 1 1 Core . | . . . Reactor . | . . . Propulsion 9 | 4 1 4 Treads 2 | 2 . . Leg . | . . . Wheel 7 | 2 1 4 Hover . | . . . Flight . | . . . Utility 9 | 4 4 1 Device 7 | 3 3 1 Storage 2 | 1 1 . Processor . | . . . Hackware . | . . . Protection . | . . . Artifact . | . . . Weapon 2 | 2 . . Energy Gun 2 | 2 . . Energy Cannon . | . . . Ballistic Gun . | . . . Ballistic Cannon . | . . . Launcher . | . . . Special Weapon . | . . . Impact Weapon . | . . . Slashing Weapon . | . . . Piercing Weapon . | . . . Special Melee Weapon . | . . . Unidentified Prototypes . | . . . Parts Lost 5 | . . 5 Power 2 | . . 2 Propulsion 2 | . . 2 Utility 1 | . . 1 Weapon . | . . . Highest Loss Streak 5 | . . 5 To Critical Strikes . | . . . Average Slot Usage (%) 96 | . 100 88 Engine 13 | . 14 11 Wheel 27 | . 28 25 Device 12 | . 14 9 Storage 14 | . 14 14 Energy Gun 27 | . 28 26 Naked Turns . | . . . Heaviest Build 17 | 13 17 17 Greatest Support 40 | 40 20 20 Greatest Overweight (x) 2 | 2 . 1 Average Overweight (x) . | . . . Largest Inventory Capacity 10 | 8 10 10 Average Capacity 8 | 7 9 10 Most Carried 10 | 8 10 10 Average Carried 7 | 5 9 9 Final Capacity 10 | 8 10 10 Final Carried 10 | 8 10 9 Class Distribution -------------------- 100% | Mutant Dominant Class ---------------- Mutant | -10/Materials Mutant | -10/Mines Resources | -11 -10 -10 ----------- Run | Yrd Mat Min Matter Collected 350 | 330 10 10 Remotely . | . . . Salvage Created 420 | 338 21 61 Parts 39 | 28 3 8 Haulers Intercepted . | . . . Recyclers Shooed . | . . . Parts Field Recycled . | . . . Retrieved Matter . | . . . Parts Self-Destructed . | . . . Prevented . | . . . Kills | -11 -10 -10 ------- Run | Yrd Mat Min Combat Hostiles Destroyed 3 | . . 3 Guns 3 | . . 3 Classes Destroyed 5 | 3 1 1 Worker 4 | 4 . . Tunneler 10 | 9 . 1 Recycler 1 | 1 . . Watcher 1 | . 1 . Swarmer 3 | . . 3 Best Kill Streak 6 | 6 1 4 Combat Bots Only 3 | . . 3 Max Kills in Single Turn 2 | 1 1 2 Gunslinging . | . . . Exploded . | . . . Melee . | . . . Uniques/NPCs Destroyed . | . . . Combat | -11 -10 -10 -------- Run | Yrd Mat Min Hostile Shots Fired 26 | . 3 23 Missed 5 | . 1 4 Damage Taken 673 | . 15 658 Core 274 | . 8 266 Absorbed by Shields . | . . . Core Remaining (%) 100 | 100 . . Volleys Fired 36 | 26 1 9 Largest 2 | 2 2 2 Hottest 90 | 90 90 90 Shots Fired 67 | 50 2 15 Gun 67 | 50 2 15 Cannon . | . . . Launcher . | . . . Special . | . . . Kinetic . | . . . Thermal 67 | 50 2 15 Explosive . | . . . Electromagnetic . | . . . Robot Hit Streak 6 | 6 3 4 Robot Miss Streak 4 | 4 . 4 Penetration Max . | . . . Secondary Targets . | . . . Shots Hit Robots 36 | 30 1 5 Core Hits 20 | 15 1 4 Critical Kills . | . . . Critical Parts Destroyed . | . . . Critical Strikes . | . . . Melee Attacks . | . . . Impact . | . . . Slashing . | . . . Piercing . | . . . Sneak Attacks . | . . . Combat Hostiles . | . . . Follow-up Attacks . | . . . Damage Inflicted 482 | 387 12 83 Guns 482 | 387 12 83 Cannons . | . . . Explosions . | . . . Melee . | . . . Ramming . | . . . Kinetic . | . . . Thermal 482 | 387 12 83 Explosive . | . . . Electromagnetic . | . . . Impact . | . . . Slashing . | . . . Piercing . | . . . Highest Corruption . | . . . Average Corruption . | . . . Corruption Purged . | . . . Corruption Blocked . | . . . Overload Shots . | . . . Overflow Damage . | . . . Projectiles . | . . . Explosions . | . . . Melee . | . . . Knockbacks . | . . . Impact . | . . . Kinetic . | . . . Secondary . | . . . Self-Inflicted Damage . | . . . Shots . | . . . Rammed . | . . . Targets Rammed . | . . . Kicked . | . . . Crushed . | . . . Highest Temperature 150 | 150 30 60 Average Temperature 46 | 50 17 33 Received Heat Transfer . | . . . Siege Activations . | . . . Robots Corrupted . | . . . Combat Hostiles . | . . . Parts Fried . | . . . Impact Corruptions . | . . . Robots Melted . | . . . Combat Hostiles . | . . . Parts Melted 4 | 3 . 1 Heat Transferred 1337 | 1065 37 235 Parts Sabotaged . | . . . Parts Stolen . | . . . Parts Stripped . | . . . Power Chain Reactions . | . . . Alert | -11 -10 -10 ------- Run | Yrd Mat Min Peak Influence 102 | 70 72 102 Initial 45 | . 45 27 Average 51 | 36 66 66 Maximum Alert Level . | . . . Low Security (%) 100 | 100 100 100 Level 1 . | . . . Level 2 . | . . . Level 3 . | . . . Level 4 . | . . . Level 5 . | . . . High Security . | . . . Max Security . | . . . Squads Dispatched . | . . . Investigation . | . . . Extermination . | . . . Reinforcement . | . . . Assault . | . . . Garrison . | . . . Intercept . | . . . Searches Triggered . | . . . Construction Impeded . | . . . Haulers Reinforced . | . . . Active Scanning Responses . | . . . Cargo Convoy Interrupts . | . . . Stealth | -11 -10 -10 --------- Run | Yrd Mat Min Distress Signals 1 | . 1 . Communications Jammed . | . . . Distress Signals . | . . . Times Spotted 13 | . 5 8 Peak Tracking Total 5 | . 4 5 Tactical Retreats . | . . . Traps | -11 -10 -10 ------- Run | Yrd Mat Min Traps Triggered . | . . . Indirectly . | . . . Trap Hack Attempts . | . . . Triggered . | . . . Disarmed . | . . . Reprogrammed . | . . . Reused . | . . . Traps Extracted . | . . . Installed . | . . . Triggered . | . . . Machines | -11 -10 -10 ---------- Run | Yrd Mat Min Machines Disabled . | . . . Max in Single Turn . | . . . Machines Repaired . | . . . Machines Dismantled . | . . . Machines Sabotaged . | . . . Overloaded Fab Kills . | . . . Hacking | -11 -10 -10 --------- Run | Yrd Mat Min Machines Accessed 2 | . 2 . Terminals 2 | . 2 . Fabricators . | . . . Repair Stations . | . . . Recycling Units . | . . . Scanalyzers . | . . . Garrison Access . | . . . Total Hacks 8 | . 8 . Successful 4 | . 4 . Failed 4 | . 4 . Catastrophic 1 | . 1 . Database Lockouts . | . . . Manual 6 | . 6 . Terminals 8 | . 8 . Fabricators . | . . . Repair Stations . | . . . Recycling Units . | . . . Scanalyzers . | . . . Garrison Access . | . . . Terminal Hacks 3 | . 3 . Record 1 | . 1 . Robot Analysis 1 | . 1 . Terminal Index 1 | . 1 . Fabricator Hacks . | . . . Repair Station Hacks . | . . . Recycling Unit Hacks . | . . . Scanalyzer . | . . . Garrison Access Hacks . | . . . Unauthorized Hacks 1 | . 1 . Terminals 1 | . 1 . Botnet 1 | . 1 . Fabricators . | . . . Repair Stations . | . . . Recycling Units . | . . . Scanalyzers . | . . . Garrison Access . | . . . Data Cores Recovered . | . . . Used . | . . . Hacking Detections 2 | . 2 . Full Trace Events 1 | . 1 . Feedback Events . | . . . Feedback Blocked . | . . . Robot Schematics Acquired . | . . . Robots Built . | . . . Authchips . | . . . Time . | . . . Total Robot Build Rating . | . . . Part Schematics Acquired . | . . . Parts Built . | . . . Authchips . | . . . Time . | . . . Total Part Build Rating . | . . . Parts Repaired . | . . . Time . | . . . Parts Recycled . | . . . Recycled Matter . | . . . Retrieved Matter . | . . . Retrieved Components . | . . . Parts Scanalyzed . | . . . Part Schematics Acquired . | . . . Parts Damaged . | . . . Bothacking | -11 -10 -10 ------------ Run | Yrd Mat Min Used RIF Installer . | . . . Robots Hacked . | . . . Non-combat . | . . . Combat . | . . . Robot Hacks Applied . | . . . Relay Couplers Released . | . . . Fabnet Peak Effective % . | . . . Robots Rewired . | . . . Allies Hacked . | . . . Hacks Repelled . | . . . Allies | -11 -10 -10 -------- Run | Yrd Mat Min Total Allies . | . . . Largest Group . | . . . Highest-Rated Group . | . . . Highest-Rated Ally . | . . . Total Orders . | . . . Ally Attacks . | . . . Total Damage . | . . . Kills . | . . . Allies Corrupted . | . . . Allies Melted . | . . . Intel | -11 -10 -10 ------- Run | Yrd Mat Min Robot Analysis Total 1 | . 1 . Derelict Logs Recovered . | . . . Drone Launches . | . . . Drone Recoveries . | . . . Exploration | -11 -10 -10 ------------- Run | Yrd Mat Min Turns Passed 646 | 326 218 102 Spaces Moved 508 | 195 234 79 Core 13 | 13 . . Treads 33 | 33 . . Legs . | . . . Wheels 462 | 149 234 79 Hover . | . . . Flight . | . . . Fastest Speed 50 | 50 80 80 Average Speed 85 | 92 80 81 Slowest Speed 160 | 160 80 95 Overloaded Moves . | . . . Propulsion Burnouts . | . . . Robots Hopped . | . . . Cave-ins Triggered . | . . . Exploration Rate (%) 22 | 4 35 28 Regions Visited 2 Branch Regions 1 Pre-discovered Areas . | . . . Known Exits Taken . | . . . Unknown Exits Taken 2 | 1 1 . Scrap Searched . | . . . Spaces Dug . | . . . Terrain Destroyed . | . . . Melee . | . . . Projectile . | . . . AOE . | . . . Terrain Rammed . | . . . Walls Destroyed . | . . . Machines Disabled . | . . . Actions | -11 -10 -10 --------- Run | Yrd Mat Min Total 667 | 293 269 105 Wait 50 | 35 9 6 Move 506 | 194 233 79 Hop . | . . . Pick Up 25 | 16 9 . Fast Attach 6 | 6 . . Attach 7 | 3 . 4 Detach 3 | . . 3 Swap 12 | 4 6 2 Drop 22 | 9 11 2 Fire 36 | 26 1 9 Melee . | . . . Ram . | . . . Kick . | . . . Crush . | . . . Escape Stasis . | . . . Rewire . | . . . Trap . | . . . Miscellaneous . | . . . Route ------- -11/Scrapyard -10/Materials -10/Mines History --------- Turn | Location | Event 10 | -11/Scrapyard | Discovered new exit (range 16) 327 | -11/Scrapyard | Entered Materials 328 | -10/Materials | Build established: Mutant 484 | -10/Materials | Discovered new exit (range 16) 545 | -10/Materials | Entered Mines 546 | -10/Mines | Assembled infested the area 620 | -10/Mines | Core integrity fell below 50% 646 | -10/Mines | Core integrity fell below 20% 647 | -10/Mines | Destroyed by D-53 Grenadier with Mini Grenade Launcher Last Messages --------------- LOCATION=UNKNOWN GOAL=ESCAPE Something is scanning the area. 00546_ ALERT: Infestation in the mines, dispatching Demolisher response squad. 00571_ Flight Unit melted. 00571_ S-10 Pest destroyed. 00583_ T-07 Excavator destroyed. 00589_ Dropped Wheel. 00594_ Acquired 10 matter. 00596_ C-30 ARC bursts open, deploying its payload. 00596_ D-53 Grenadier unfolds itself. 00607_ Wheel destroyed. 00615_ Seismic Detector destroyed. 00619_ Lgt. Ion Engine destroyed. 00624_ The unstable cave ceiling collapses. 00628_ T-07 Excavator destroyed. 00642_ Lgt. Ion Engine destroyed. 00646_ The unstable cave ceiling collapses. Map ----- +----------------------------------------------------+ | | | | | | | | | | | | | | | | | | | | | | | | | | | ??????????????????????????????? | | ??????????????????????????????? | | ??????????????????????????????? | | ?????#######??????????????????? | | ????## ##?????????????????? | | ????# #?????????????????? | | #??## ##??????##########? | | #?## ###????# # ##? | | ??# ##???# ## | | ### ##??# # | | # #### # | | # ## # | | # ## @ # | | # ### d # | | ## ## d ## | | #### # ### | | ######??#### ######? | | ##??????????#### ######?? | | #??????????????## ##??????? | | #???????????????# % #???????? | | #########???????# | #???????? | | ## #???????# !% #??????? | | #???????# #??????? | | ##???????## ##??????? | | ##????????# ## #???????? | | ## #???????????? #???????? | | ?## #??????????? #???????? | | ??### #??????????? #???????? | | ????## ##???????????$#???????? | | ??????###???????????? #???????? | | ????????????????????? ????????? | | ????????????????????? ????????? | | ??????????????????????????????? | | ??????????????????????????????? | | ??????????????????????????????? | | ??????????????????????????????? | | ??????????????????????????????? | +----------------------------------------------------+ Best States ------------- Heat Dissipation 25 Energy Generation 10 Energy Capacity 250 Matter Stores 300 Matter Capacity 300 Sight Range 16 Terrain Scan Density 10 Evasion (%) 50 Recoil Reduction 2 Item Schematics ----------------- None Robot Schematics ------------------ None Fabricated ------------ Nothing Alien Tech Used ----------------- None Achievements -------------- None Challenges ------------ None Game ------ Seed LaserMiningDriver Manual? 0 Play Time 00:14:26 Cumulative 25.7 hours Start 2024.04.13 @ 01:33:07 End 2024.04.13 @ 01:59:52 Sessions 1 Manual Loads 0 Difficulty Rogue Special Mode None Game No. 34 Rogue 19 Adventurer 0 Explorer 15 Win Type - Total 0 Types 0/0/0/0/0/0/0/0/0 Lore% 17 Gallery% 28 Achievement% 19 Wizard Run 0 Options --------- Layout 1 ASCII 0 Keyboard 0 Movement Mouse Keybinds 0 Fullscreen 1 Font 24/Smallcaps Map View 50x35 Zoom Use 0% Tactical HUD 1 Map Filters NONE Filters NONE Steam 1 RUN: 3d8a0e53-d0a1-442e-8065-caff3db0e8ce